Description

-

VOD

https://youtu.be/KMAqSLWhH5w?t=351

Build Order

Get SALT Encoding   

  14  0:17  Supply Depot  
  16  0:40  Barracks  
  16  0:45  Refinery  
  20  1:28  Orbital Command, Reaper  
  20  1:40  Command Center  
  21  1:55  Barracks  
  21  2:00  Barracks Reactor  
  22  2:09  Supply Depot  
  23  2:17  Refinery  
  23  2:26  Factory  
  26  2:43  Barracks Tech Lab  
  27  2:53  Orbital Command  
  28  3:01  Stimpack  
  32  3:16  Starport  
  33  3:22  Factory Reactor  
  37  3:38  Supply Depot  
  52  4:05  Medivac x2  Load Marines and move out when Medivacs pop out
  63  4:46  Engineering Bay x2  
  71  5:05  Combat Shields  
  71  5:11  Command Center  
  74  5:18  Terran Infantry Weapons Level 1, Terran Infantry Armor Level 1  
  78  5:32  Refinery x2  
  83  5:52  Barracks x3  
  91  6:15  Armory  
  88  6:38  Orbital Command  
  95  6:53  Barracks Reactor x3  
  101  7:06  Factory Tech Lab  
  122  7:49  Terran Infantry Weapons Level 2  
  122  7:50  Terran Infantry Armor Level 2  
  129  8:09  Terran Vehicle and Ship Weapons Level 1  
  98  8:55  Refinery x2  
  123  9:30  Command Center, Factory  
  149  10:11  Barracks x3  
  154  10:17  Factory Tech Lab  
  153  10:28  Terran Infantry Armor Level 3, Terran Infantry Weapons Level 3  
  169  11:08  Barracks Tech Lab x3  Marauders and Ghosts
  172  11:20  Ghost Academy  
  176  11:45  Planetary Fortress  
Spawning Tool Build Advisor. Get it on Overwolf

Analysis

-

Go to:

Details

  • Created by: Nidus
  • Published on: Jun 02, 2018
  • Modified on: Jun 02, 2018
  • Patch: 4.0.0
Show
View Real Time Build Order
Export as new Build Order

Comments (0)

There are no comments. Be the first!

Create an account to comment!